 Dungeon Crawl Stone Soup version 0.23-a0-171-g5ae17c6 (webtiles) character file.

23859 grindst0ne the Spry (level 12, -1/51 HPs)
             Began as a Spriggan Enchanter on Sept 12, 2018.
             Was a High Priest of Dithmenos.
             Slain by a jumping spider (17 damage)
             ... on level 3 of the Lair of Beasts.
             The game lasted 00:57:52 (19739 turns).

grindst0ne the Spry (Spriggan Enchanter)           Turns: 19739, Time: 00:57:53

Health: -1/51      AC:  3    Str:  7    XL:     12   Next: 75%
Magic:  26/31      EV: 33    Int: 21    God:    Dithmenos [*****.]
Gold:   872        SH:  0    Dex: 20    Spells: 27/40 levels left

rFire    . . .     SeeInvis +   O - +2 rapier of Premature Burial {freeze, rN++}
rCold    . . .     Gourm    .   (shield restricted)
rNeg     + + +     Faith    +   R - +1 robe {rN+}
rPois    .         Spirit   .   (helmet restricted)
rElec    .         Reflect  .   N - scarf {repulsion}
rCorr    .         Harm     .   (gloves unavailable)
MR       ++...                  (boots unavailable)
Stlth    +++++++...             L - amulet of faith
HPRegen  0.17/turn              a - +3 ring of dexterity
MPRegen  0.22/turn              v - +3 ring of strength

@: very slightly contaminated, wreathed by umbra, repel missiles, very quick
A: very small, unfitting armour, see invisible, herbivore, speed 3, slow
metabolism 2
a: Shadow Step, Shadow Form, Renounce Religion


You were on level 3 of the Lair of Beasts.
You worshipped Dithmenos.
Dithmenos was extremely pleased with you.
You were very hungry.

You visited 3 branches of the dungeon, and saw 15 of its levels.

You collected 1136 gold pieces.
You spent 264 gold pieces at shops.

Inventory:

Hand Weapons
 O - the +2 rapier of Premature Burial (weapon) {freeze, rN++}
   (You found it on level 7 of the Dungeon)

   It has been specially enchanted to freeze those struck by it, causing extra
   injury to most foes and up to half again as much damage against particularly
   susceptible opponents.
   It can also slow down cold-blooded creatures.
   It greatly protects you from negative energy.
 Q - the cursed +1 long sword "Maloag" {flame, rElec MR+ Dex-4 Stlth+, unknown}
   (You found it on level 9 of the Dungeon)

   It has been specially enchanted to burn those struck by it, causing extra
   injury to most foes and up to half again as much damage against particularly
   susceptible opponents.
   Big, fiery blades are also staple armaments of hydra-hunters.
   It affects your dexterity (-4).
   It insulates you from electricity.
   It affects your resistance to hostile enchantments.
   It makes you more stealthy.
   It has a curse placed upon it.
Armour
 N - a scarf of repulsion (worn)
 R - a +1 robe of positive energy (worn)
 Y - a scarf of resistance
Jewellery
 a - a +3 ring of dexterity (left hand)
 b - an uncursed ring of resist corrosion
 e - the ring "Teakofax" {MP+9 Stlth-}
   (You found it on level 5 of the Dungeon)

   [ring of attention]

   It affects your magic capacity (+9).
   It makes you less stealthy.
 i - an uncursed ring of protection from fire
 j - an uncursed ring of flight
 k - an uncursed ring of positive energy
 n - an uncursed ring of protection from fire
 v - a +3 ring of strength (right hand)
 x - an uncursed ring of protection from fire
 L - an amulet of faith (around neck)
Wands
 t - a wand of enslavement (7)
 y - a wand of flame (55)
 z - a wand of acid (12)
 H - a wand of digging (9)
 I - a wand of random effects (46)
 M - a wand of paralysis (29)
 X - a wand of iceblast (7)
Scrolls
 f - 4 scrolls of magic mapping
 g - 12 scrolls of teleportation
 h - 5 scrolls of remove curse
 q - a scroll of identify
 u - 6 scrolls of fog
 B - 3 scrolls of fear
 C - 5 scrolls of amnesia
 D - a scroll of enchant weapon
 E - 2 scrolls of enchant armour
 G - a scroll of summoning
 J - a scroll of immolation
Potions
 c - 2 potions of flight
 l - 2 potions of haste
 m - 4 potions of might
 o - 2 potions of lignification
 p - 2 potions of berserk rage
 r - 3 potions of brilliance
 s - 9 potions of curing
 w - 4 potions of heal wounds
 A - 2 potions of agility
 T - a potion of mutation
 W - a potion of invisibility
 Z - a potion of cancellation
Miscellaneous
 S - a phial of floods
 U - a lamp of fire
Comestibles
 d - 26 rations


   Skills:
 - Level 10.0 Short Blades
 + Level 15.8 Dodging
 - Level 10.0 Stealth
 + Level 14.5 Spellcasting
 + Level 9.2 Hexes
 - Level 6.0 Translocations


You had 27 spell levels left.
You knew the following spells:

 Your Spells              Type           Power        Failure   Level  Hunger
b - Ensorcelled Hibernat  Hex/Ice        ####..       1%          2    None
c - Confuse               Hex            ######..     1%          3    None
d - Dazzling Spray        Conj/Hex       ####..       1%          3    None
e - Blink                 Tloc           N/A          1%          2    None
f - Mephitic Cloud        Conj/Pois/Air  ###.....     12%         3    None

Your spell library contained the following spells:

 Spells                   Type           Power        Failure   Level  Hunger
 Corona                   Hex            ######.      1%          1    None
 Slow                     Hex            ######..     1%          2    None
 Tukima's Dance           Hex            ######..     1%          3    None
 Magic Dart               Conj           ###.         4%          1    None
 Sandblast                Erth           ###...       4%          1    None
 Sting                    Conj/Pois      ###.         4%          1    None
 Call Imp                 Summ           ###.....     6%          2    None
 Passwall                 Tmut/Erth      ###.....     6%          2    None
 Poisonous Vapours        Pois/Air       ###...       6%          2    None
 Searing Ray              Conj           ###...       6%          2    None
 Fulminant Prism          Conj/Hex       ####......   6%          4    None
 Conjure Flame            Conj/Fire      ###.....     12%         3    None
 Stone Arrow              Conj/Erth      ###...       12%         3    None
 Force Lance              Conj/Tloc      ####....     12%         4    None
 Iskenderun's Mystic Bla  Conj           ###.....     38%         4    None
 Olgreb's Toxic Radiance  Pois           ###.....     38%         4    None
 Petrify                  Tmut/Erth      ###.....     38%         4    None
 Lee's Rapid Deconstruct  Erth           ###.......   75%         5    ###....
 Venom Bolt               Conj/Pois      ###.......   75%         5    ###....


Dungeon Overview and Level Annotations

Branches:
Dungeon (11/15)            Temple (1/1) D:7            Lair (3/6) D:10
    Orc (0/2) D:11
  Swamp: Lair:2-4    Shoals: Lair:2-4     Snake: Lair:2-4    Spider: Lair:2-4

Altars:
Ashenzari
Cheibriados
Dithmenos
Elyvilon
Fedhas
Gozag
Hepliaklqana
Kikubaaqudgha
Makhleb
Nemelex Xobeh
Okawaru
Qazlal
Ru
Sif Muna
Trog
Uskayaw
Vehumet
Wu Jian
Xom
Yredelemnul
Zin
The Shining One

Shops:
D:8 =[   D:9 [

Portals:
Trove: D:10 (give +5 fire dragon scales)

Annotations:
D:4 exclusion: downstairs
D:5 exclusion: downstairs
D:9 exclusion: downstairs
Lair:2 exclusion: downstairs


Innate Abilities, Weirdness & Mutations

You are very small and have problems with some larger weapons.
You are too small for most types of armour.
You have supernaturally acute eyesight. (SInv)
You are a herbivore.
You cover ground extremely quickly.
You need to consume almost no food.


Message History

The redback looks drowsy...
The helpless redback fails to defend itself.
You perforate the redback like a sieve!!!!
You freeze the redback.
You kill the redback!
Dithmenos accepts your kill. The redback completely misses you.
Casting: Ensorcelled Hibernation (safe; 1% risk of failure)
Confirm with . or Enter, or press ? or * to list all spells.
Aiming: Ensorcelled Hibernation (safe; 1% risk of failure)
Press: ? - help, Shift-Dir - straight line, f/p - redback
Aim: a redback (umbra, chance to defeat MR: 62%)
The redback resists with significant effort.
The redback bites you!
The jumping spider leaps!
The redback bites you!
Blink to where?
Press: ? - help, Dir - move target cursor, p - redback You are very lightly contaminated with residual magic.
As you read the scroll of blinking, it crumbles to dust.
The jumping spider pounces on you!
You die...

............#....##..............
.................................
.................................
..............P................##
...............................##
..##...........................#
. #.♣♣...♣P......#......#######
♣.♣.P...♣♣♣...#......## ## ##
♣♣.♣...♣.P♣[s@##.†...# #.# #.#
♣♣....♣♣♣.P.........##.# #.#
♣....♣..♣♣........#.###.# #
♣♣P..[.♣P♣P...........#.###.
.F...P. ♣P♣.....§......#.#s.
♣....P♣♣.......s.....#.#.#
♣.♣P♣........#.#^#.#
♣♣..P.......§##^#§# ♣
♣P§.........###^#.


You could see a jumping spider and a redback.

Vanquished Creatures
  Snorg (D:11)
  2 two-headed ogres
  A flayed ghost (D:11)
  An unseen horror (D:10)
  The ghost of TheNamelessOne the Slicer, a novice KoFi of Uskayaw (D:6)
  Pikel (D:5)
  A deep elf mage (D:9)
  An ugly thing (D:11)
  A manticore (D:11)
  2 black mambas
  3 centaur skeletons (D:10)
  5 komodo dragons
  A troll (D:9)
  2 jumping spiders (Lair:3)
  A polar bear (Lair:3)
  9 blink frogs
  Grinder (D:4)
  A slime creature (D:9)
  2 hippogriffs (Lair:2)
  A redback (Lair:3)
  5 wraiths
  A spriggan (D:7)
  22 yaks
  Sigmund (D:2)
  A shadow (D:11)
  2 fire bats (D:11)
  Eustachio (D:6)
  A hungry ghost (D:11)
  Duvessa (D:6)
  5 water moccasins
  4 porcupines
  3 ice beasts
  3 orc warriors
  3 sky beasts
  2 slaves (D:4)
  9 ogres
  A black bear (D:11)
  A phantom (D:6)
  A centaur (D:8)
  9 crocodiles
  2 big kobolds (D:9)
  Blork the orc (D:4)
  6 bullfrogs
  Dowan (D:6)
  4 scorpions
  19 killer bees
  3 spriggan skeletons (D:10)
  9 wights
  A troll skeleton (D:10)
  A vampire bat (D:6)
  An electric eel (Lair:1)
  A howler monkey (D:8)
  7 crimson imps
  3 bullfrog zombies
  A centaur zombie (D:9)
  A quasit (D:8)
  8 hounds
  3 bullfrog skeletons
  11 jellies
  5 orc wizards
  5 orc priests
  Crazy Yiuf (D:2)
  Ijyb (D:5)
  Jessica (D:2)
  2 iguanas
  Natasha (thrice) (D:4)
  4 hell rats (Lair:1)
  10 worker ants
  2 killer bee zombies
  2 hound zombies
  A mummy (D:5)
  A howler monkey zombie (D:10)
  A worker ant zombie (D:5)
  14 adders
  4 river rats (Lair:1)
  2 shadow imps
  16 oozes (D:9)
  An adder zombie (D:8)
  3 adder skeletons
  A worm (D:2)
  2 dart slugs
  6 leopard geckos
  21 orcs
  6 giant cockroaches
  5 goblins
  10 hobgoblins
  7 jackals
  12 kobolds
  4 quokkas
  5 ball pythons
  20 bats
  6 frilled lizards
  A hobgoblin zombie (D:5)
  A kobold zombie (D:5)
  2 leopard gecko skeletons
  2 orc zombies (D:5)
  A quokka zombie (D:8)
  13 rats
  2 fungi (D:2)
403 creatures vanquished.

Vanquished Creatures (others)
  4 fungi
  7 plants
11 creatures vanquished.

Grand Total: 414 creatures vanquished

Notes
Turn   | Place    | Note
-------+----------+-------------------------------------------
     0 | D:1      | grindst0ne the Spriggan Enchanter began the quest for the
                  | Orb.
     0 | D:1      | Reached XP level 1. HP: 9/9 MP: 5/5
   560 | D:1      | Reached XP level 2. HP: 13/13 MP: 7/7
   564 | D:1      | Learned a level 2 spell: Ensorcelled Hibernation
  1778 | D:2      | Reached XP level 3. HP: 16/16 MP: 7/9
  1933 | D:2      | Noticed Jessica
  2298 | D:2      | Killed Jessica
  2298 | D:2      | Reached XP level 4. HP: 8/21 MP: 9/11
  2534 | D:2      | Learned a level 3 spell: Confuse
  2538 | D:2      | Learned a level 3 spell: Dazzling Spray
  2538 | D:2      | Noticed Sigmund
  2556 | D:2      | Killed Sigmund
  2556 | D:2      | Reached skill level 5 in Spellcasting
  2556 | D:2      | Reached XP level 5. HP: 24/24 MP: 1/14
  3178 | D:2      | Found a runed door.
  3182 | D:2      | Noticed Crazy Yiuf
  3540 | D:2      | Killed Crazy Yiuf
  3726 | D:3      | Reached XP level 6. HP: 26/28 MP: 15/15
  4848 | D:4      | Noticed Grinder
  4872 | D:4      | Killed Grinder
  4872 | D:4      | Reached skill level 5 in Stealth
  4872 | D:4      | Reached XP level 7. HP: 22/32 MP: 10/17
  4984 | D:4      | Reached skill level 4 in Dodging
  5577 | D:4      | Noticed Natasha
  5581 | D:4      | Killed Natasha
  5667 | D:4      | Noticed Natasha
  5678 | D:4      | Killed Natasha
  6060 | D:5      | Entered Level 5 of the Dungeon
  6064 | D:5      | Found a white marble altar of Elyvilon.
  6087 | D:4      | Noticed Natasha
  6096 | D:4      | Killed Natasha
  6196 | D:5      | Noticed Blork the orc
  6200 | D:5      | Noticed Pikel
  6580 | D:4      | Killed Blork the orc
  6721 | D:5      | Got a slimy silver ring
  6723 | D:5      | Identified the ring "Teakofax" {MP+9 Stlth-} (You found it
                  | on level 5 of the Dungeon)
  6757 | D:5      | Reached skill level 5 in Dodging
  6897 | D:5      | Killed Pikel
  6897 | D:5      | Reached skill level 6 in Dodging
  6897 | D:5      | Reached XP level 8. HP: 33/36 MP: 5/20
  6943 | D:5      | Noticed Ijyb
  6950 | D:5      | Killed Ijyb
  7797 | D:6      | Noticed Eustachio
  7999 | D:6      | Found a runed door.
  8006 | D:6      | Noticed TheNamelessOne's ghost (novice KoFi)
  8039 | D:6      | Reached skill level 7 in Dodging
  8082 | D:6      | Reached skill level 5 in Short Blades
  8268 | D:6      | Reached XP level 9. HP: 39/39 MP: 17/22
  8399 | D:6      | Noticed Duvessa
  8403 | D:6      | Noticed Dowan
  8406 | D:6      | Killed Duvessa
  8408 | D:6      | Killed Dowan
  8885 | D:6      | Reached skill level 8 in Dodging
  9024 | D:6      | Killed Eustachio
  9546 | D:6      | Killed TheNamelessOne's ghost
  9546 | D:6      | Reached skill level 10 in Stealth
  9621 | D:7      | Learned a level 2 spell: Blink
  9625 | D:7      | Learned a level 3 spell: Mephitic Cloud
 10001 | D:7      | Found a staircase to the Ecumenical Temple.
 10010 | D:7      | Reached skill level 9 in Dodging
 10010 | D:7      | Reached skill level 1 in Translocations
 10687 | D:8      | Reached XP level 10. HP: 44/44 MP: 18/24
 11053 | D:8      | Noticed a two-headed ogre
 11070 | D:8      | Killed a two-headed ogre
 11070 | D:8      | Reached skill level 10 in Dodging
 11070 | D:8      | Reached skill level 10 in Spellcasting
 11413 | D:8      | Found Qithriy's Jewellery Emporium.
 11438 | D:8      | Reached skill level 5 in Translocations
 11567 | D:8      | Found Qedd's Antique Armour Emporium.
 11574 | D:8      | Bought a glowing scarf for 264 gold pieces
 11789 | D:8      | Found a glowing golden altar of the Shining One.
 12123 | D:7      | Got a shimmering rapier
 12130 | Temple   | Entered the Ecumenical Temple
 12386 | Temple   | Became a worshipper of Dithmenos the Shadowed
 12411 | D:7      | Identified the cursed +2 rapier of Premature Burial
                  | {freeze, rN++} (You found it on level 7 of the Dungeon)
 12494 | D:9      | Found Yrghupniphy's Armour Shop.
 12945 | D:9      | Found a bloodstained altar of Trog.
 13130 | D:9      | Reached skill level 11 in Dodging
 13271 | D:9      | Noticed a deep elf mage
 13275 | D:9      | Killed a deep elf mage
 13291 | D:9      | Got a pitted long sword
 13338 | D:9      | Reached * piety under Dithmenos
 13649 | D:10     | Entered Level 10 of the Dungeon
 13649 | D:10     | Found a staircase to the Lair.
 13665 | D:10     | Noticed a two-headed ogre
 13768 | D:9      | Reached ** piety under Dithmenos
 13835 | D:10     | Reached XP level 11. HP: 17/47 MP: 24/27
 14323 | D:10     | Killed a two-headed ogre
 14354 | D:10     | Reached skill level 12 in Dodging
 14760 | D:10     | Noticed an unseen horror
 14792 | D:10     | Killed an unseen horror
 14898 | D:10     | Found a portal to a secret trove of treasure.
 15435 | D:11     | Found a glowing golden altar of the Shining One.
 15465 | D:11     | Found a staircase to the Orcish Mines.
 15513 | D:11     | Reached *** piety under Dithmenos
 15729 | D:11     | Noticed a purple ugly thing
 15753 | D:11     | Killed a purple ugly thing
 15834 | D:11     | Reached skill level 10 in Short Blades
 15939 | D:11     | Reached skill level 13 in Dodging
 15950 | D:11     | Found a shattered altar of Ashenzari.
 15960 | D:11     | Found a runed door.
 16077 | D:11     | Found a deep blue altar of Sif Muna.
 16107 | D:11     | Found a shimmering altar of Xom.
 16117 | D:11     | Found a glowing golden altar of the Shining One.
 16146 | D:11     | Found a shadowy altar of Dithmenos.
 16158 | D:11     | Found a sacrificial altar of Ru.
 16298 | D:11     | Reached **** piety under Dithmenos
 16341 | D:11     | Noticed Snorg
 16388 | D:11     | Killed Snorg
 16612 | D:11     | Noticed a flayed ghost
 16615 | D:11     | Killed a flayed ghost
 16615 | D:11     | Reached XP level 12. HP: 51/51 MP: 29/29
 16687 | Lair:1   | Entered Level 1 of the Lair of Beasts
 17074 | Lair:1   | Reached skill level 14 in Dodging
 18813 | Lair:2   | Reached skill level 15 in Dodging
 19145 | Lair:3   | Reached ***** piety under Dithmenos
 19739 | Lair:3   | Slain by a jumping spider

Vault maps used:
D:1:      ebering_hopf_link
D:2:      minmay_misc_feat_nine_boxes, uniq_sigmund, uniq_crazy_yiuf_cottage,
          uniq_jessica
D:3:      minmay_misc_feat_chi, mrwooster_statue_mirror,
          minmay_misc_feat_enclosed, hangedman_decor_push
D:4:      minmay_misc_feat_ornament, grunt_ministairs_2, uniq_grinder,
          uniq_natasha
D:5:      first_ration, basic_altar, minmay_mini_ossuary, uniq_blork_the_orc,
          uniq_ijyb, uniq_pikel
D:6:      ebering_ghost_sewer_d, roderic_batcave, feat_on_display,
          uniq_eustachio, uniq_duvessa
D:7:      minmay_temple_entry_from_below_a, the_bakery
D:8:      minmay_imperfect_grid, serial_shops, shop, shop, tso_metal_star
D:9:      lemuel_slime, kennysheep_little_box, serial_shops,
          nicolae_shop_statue_plus, minmay_misc_feat_rows,
          guppyfry_early_elven_hall
D:10:     lair_entry_dummy, enter_trove_6, hangedman_tell_no_tales
D:11:     due_megacathedral, orc_0_dummy, basic_altar, uniq_snorg
Temple:   regret_index_temple_sigil_plot
Lair:1:   st_stairs_8, serial_bayou_lagoon_a, columned_hall_lemuel,
          kennysheep_abandoned_house
Lair:3:   minmay_swamp_entry_swarm, nicolae_spider_entry_tight_spaces,
          wad_woods_road_01, st_stairs_9, beast_lair_carwin_9

Skill      XL: |  1  2  3  4  5  6  7  8  9 10 11 12 |
---------------+-------------------------------------+-----
Spellcasting   | 3 4 5 6 7 8 9 11 12 14 | 14.5
Hexes          | 4 6 7 8 9 |  9.2
Short Blades   | 2 4 5 6 8 10 | 10.0
Stealth        | 5 7 8 10 | 10.0
Dodging        | 6 7 9 11 13 15 | 15.8
Translocations | 3 6 |  6.0

Action                   |  1- 3 |  4- 6 |  7- 9 | 10-12 || total
-------------------------+-------+-------+-------+-------++-------
Melee: Dagger            |    71 |   109 |   249 |   123 ||   552
       Rapier            |    16 |    16 |       |   449 ||   481
       Short sword       |       |    97 |       |       ||    97
 Cast: Ensorcelled Hiber |    13 |    33 |    88 |   238 ||   372
       Corona            |     1 |       |       |       ||     1
       Confuse           |       |     7 |    20 |    67 ||    94
       Dazzling Spray    |       |       |     1 |       ||     1
  Use: Scroll            |       |     3 |     6 |    19 ||    28
       Potion            |       |       |     1 |       ||     1
 Stab: Sleeping          |     9 |    27 |    66 |   146 ||   248
       Confused          |       |     5 |    14 |    41 ||    60
       Distracted        |       |       |       |     2 ||     2
  Eat: Ration            |       |     1 |     3 |     4 ||     8
Armor: Robe              |     3 |     7 |    24 |    10 ||    44
Dodge: Dodged            |    68 |    86 |   216 |   452 ||   822
       Deflected         |       |       |       |     2 ||     2

Table legend:
 A = Non-vault XP
 B = Vault XP
 C = Vault XP percentage of total XP
 D = Non-vault monster count
 E = Vault monster count
 F = Vault count percentage of total count
                 A         B        C        D         E       F
            +---------+---------+-------+---------+---------+-------
      Total |   21175 |   12910 |  37.9 |     282 |     117 |  29.3
            +---------+---------+-------+---------+---------+-------
        D:1 |      23 |       0 |   0.0 |      13 |       0 |   0.0
        D:2 |      59 |     284 |  82.8 |      19 |       3 |  13.6
        D:3 |      50 |       0 |   0.0 |      21 |       0 |   0.0
        D:4 |     284 |     404 |  58.7 |      17 |       4 |  19.0
        D:5 |     261 |     654 |  71.5 |      15 |       7 |  31.8
        D:6 |    1113 |    1284 |  53.6 |      24 |      15 |  38.5
        D:7 |     441 |     211 |  32.4 |       9 |       1 |  10.0
        D:8 |     863 |    1959 |  69.4 |      16 |      25 |  61.0
        D:9 |    1722 |    1240 |  41.9 |      32 |      25 |  43.9
       D:10 |    3647 |    1016 |  21.8 |      32 |       7 |  17.9
       D:11 |    3514 |    2933 |  45.5 |      38 |       7 |  15.6
     Lair:1 |    4849 |     405 |   7.7 |      26 |      15 |  36.6
     Lair:2 |    2055 |       0 |   0.0 |      10 |       0 |   0.0
     Lair:3 |    2294 |    2520 |  52.3 |      10 |       8 |  44.4
            +---------+---------+-------+---------+---------+-------
